 Dungeon Crawl Stone Soup version 0.30.0-5-g1a98f26d00 (webtiles) character file.

Game seed: 9829268707215485123

3899 LobsterGuardian the Carver (level 10, 0/129 HPs)
             Began as a Minotaur Fighter on May 11, 2023.
             Was a Follower of Yredelemnul.
             Succumbed to a spriggan's poison
             ... in a bailey.
             The game lasted 00:15:36 (7004 turns).

LobsterGuardian the Carver (Minotaur Fighter)       Turns: 7004, Time: 00:15:36

Health: 0/129      AC: 21    Str: 22    XL:     10   Next: 0%
Magic:  12/12      EV:  8    Int:  1    God:    Yredelemnul [*.....]
Gold:   996        SH: 10    Dex: 21    Spells: 9/9 levels left

rFire   + . .        a - +0 long sword
rCold   + . .        g - +0 kite shield
rNeg    . . .        y - +0 shadow dragon scales
rPois   .            (helmet restricted)
rElec   .            m - +0 cloak
rCorr   .            (no gloves)
SInv    .            w - +2 pair of boots
Will    .....        h - amulet of the acrobat Stlth
                     i - ring of protection from cold
HPRegen 0.41/turn    (no ring)
MPRegen 0.13/turn

%: acrobat
@: berserking (expiring), lethally poisoned (0 -> -7), very quick
A: horns 2, retaliatory headbutt, thin skeletal structure 1, agile 2, dopey 1,
fire resistance 1, evolution 1, inability to read after injury 1, MP-powered
wands
a: Renounce Religion, Recall Undead Harvest


You were in a bailey.
You worshipped Yredelemnul.
Yredelemnul was noncommittal.
You visited 1 branch of the dungeon, and saw 8 of its levels.
You also visited: Sewer and Bailey.

You collected 996 gold pieces.

Inventory:

Hand Weapons
 a - a +0 long sword (weapon)
Armour
 c - a +0 plate armour
 g - a +0 kite shield (worn)
 m - a +0 cloak (worn)
 w - a +2 pair of boots (worn)
 y - +0 shadow dragon scales (worn)
Jewellery
 h - an amulet of the acrobat (around neck)
 i - a ring of protection from cold (left hand)
Wands
 s - a wand of mindburst (21)
 v - a wand of roots (4)
 D - a wand of digging (4)
 E - a wand of acid (2)
Scrolls
 b - 5 scrolls of teleportation
 f - 3 scrolls of enchant weapon
 k - 3 scrolls of fear
 n - 2 scrolls of enchant armour
 o - 2 scrolls of fog
 q - 2 scrolls of immolation
 r - 2 scrolls of blinking
 u - a scroll of amnesia
 B - a scroll of silence
Potions
 d - 2 potions of magic
 j - 4 potions of brilliance
 l - a potion of ambrosia
 p - 5 potions of curing
 t - 2 potions of berserk rage
 x - a potion of attraction
 z - a potion of cancellation {unknown}
 A - 2 potions of heal wounds
 C - a potion of haste {unknown}


   Skills:
 + Level 7.2 Fighting
 + Level 11.6 Long Blades
 * Level 10.2 Armour
 + Level 2.3 Dodging
 - Level 3.6 Shields
 * Level 4.2 Invocations


You had 9 spell levels left.
You didn't know any spells.
Your spell library contained the following spells:

 Spells                   Type           Power      Damage    Failure   Level
 Apportation              Tloc           0%         N/A       100%        1
 Kiss of Death            Conj/Necr      0%         2d5       100%        1
 Blink                    Tloc           0%         N/A       100%        2
 Confusing Touch          Hex            0%         N/A       100%        3
 Dispel Undead            Necr           0%         3d6       100%        4
 Leda's Liquefaction      Hex/Erth       0%         N/A       100%        4
 Manifold Assault         Tloc           0%         N/A       100%        4
 Passage of Golubria      Tloc           0%         N/A       100%        4
 Alistair's Intoxication  Tmut/Pois      0%         N/A       100%        5
 Lee's Rapid Deconstruct  Erth           0%         3d4*      100%        5
 Silence                  Hex/Air        0%         N/A       100%        5
 Statue Form              Tmut/Erth      0%         N/A       100%        6
 Storm Form               Tmut/Air       0%         N/A       100%        7
 Lehudib's Crystal Spear  Conj/Erth      0%         10d2      100%        8


Dungeon Overview and Level Annotations

Branches:
Dungeon (8/15)             Temple (0/1) D:7           Sewer (visited)
 Bailey (1/1)
   Lair: D:8-11

Altars:
Cheibriados
Trog
Uskayaw
Wu Jian
Xom
Yredelemnul
The Shining One

Shops:
D:3 [[[   D:4 :

Annotations:
D:7 1 runed translucent door, particleface's ghost, novice MiFi


Innate Abilities, Weirdness & Mutations

You have a pair of horns on your head.
You reflexively headbutt those who attack you in melee.
You have a somewhat thin skeletal structure. (Dex +2, Stealth+)
You are very agile. (Dex +8, Str/Int -2)
You are dopey. (Int -2)
Your flesh is heat resistant. (rF+)
You have hidden genetic potential.
You occasionally lose the ability to read scrolls when taking damage.
You expend magic power (3 MP) to strengthen your wands.


Message History

You block the spriggan's attack.
The spriggan hits you but does no damage.
You are more poisoned.
Unknown command.
You miss the spriggan.
You feel very sick. The ogre hits you but does no damage.
You block the spriggan's attack.
The spriggan hits you with a +0 trident.
* * * LOW HITPOINT WARNING * * *
You block the spriggan's attack.
Unknown command.
You hit the spriggan.
The spriggan is moderately wounded.
You feel sick.
The spriggan drinks a potion.
The spriggan seems to grow stronger.
Unknown command.
You slash the spriggan! Your headbutt misses the spriggan.
The spriggan is almost dead.
You feel very sick.
The spriggan hits you but does no damage.
You block the spriggan's attack.
The spriggan hits you from afar with a +0 spear.
* * * LOW HITPOINT WARNING * * *
You block the ogre's attack.
You slash the spriggan!
You kill the spriggan!
You feel sick. The spriggan completely misses you.
Your spriggan zombie hits the spriggan but does no damage.
The spriggan barely misses you. You block the spriggan's attack.
You have reached level 10!
You barely miss the spriggan. Your headbutt misses the spriggan.
You feel sick. The spriggan barely misses you.
The ogre hits you from afar with a +0 halberd!
* * * LOW HITPOINT WARNING * * *
Your spriggan zombie completely misses the spriggan.
Unknown command.
You are too berserk!
You miss the spriggan.
You die...
Your body rises from the dead as a mindless zombie. #..## #...# . #..# #...♣. #..~ #..~#. #..~ #..~~ ♣..~ #.iO# #..~ #Oii#

#..~ #)Zi#
##..# #@)##
♣#.)## ##..♣#
##.)##
##..###♣###..##
##.).......##
##.......##
#########


You could see a two-headed ogre, an ogre, 4 spriggans and a friendly spriggan
zombie.

Vanquished Creatures
  A hornet (D:8)
  Eustachio (D:4)
  3 spriggans (Bailey)
  Menkaure (D:6)
  Duvessa (D:4)
  2 water moccasins (D:6)
  2 black bears
  An ice beast (D:5)
  Pargi (Sewer)
  An orc warrior (D:6)
  A sky beast (D:7)
  6 ogres
  2 centaurs
  3 phantoms
  3 bullfrogs
  3 scorpions
  Dowan (D:4)
  A hound (D:7)
  A jelly (D:8)
  Natasha (thrice) (D:4)
  4 iguanas
  6 orc wizards
  6 gnolls
  10 adders
  3 shadow imps
  3 white imps
  An ufetubus (D:6)
  A jelly zombie (D:8)
  A worm (D:3)
  3 dart slugs
  22 orcs
  6 bats
  8 endoplasms
  6 giant cockroaches
  9 goblins
  4 hobgoblins
  6 jackals
  8 kobolds
  8 quokkas
  4 ball pythons
  An orc zombie (D:8)
  7 rats
165 creatures vanquished.

Vanquished Creatures (collateral kills)
  A gnoll sergeant (D:7)
  2 hounds
  2 gnolls
  An adder (D:4)
6 creatures vanquished.

Vanquished Creatures (others)
  A water moccasin zombie (D:6)
  A bullfrog zombie (D:7)
  A centaur zombie (D:6)
  An ogre zombie (Bailey)
  An adder zombie (D:6)
  A quokka zombie (D:6)
6 creatures vanquished.

Grand Total: 177 creatures vanquished

Notes
Turn   | Place    | Note
-------+----------+-------------------------------------------
     0 | D:1      | LobsterGuardian the Minotaur Fighter began the quest for
                  | the Orb.
     0 | D:1      | Reached XP level 1. HP: 19/19 MP: 0/0
   303 | D:1      | Reached XP level 2. HP: 27/27 MP: 1/1
   869 | D:2      | Noticed a scorpion
   878 | D:1      | Reached skill level 3 in Long Blades
  1107 | D:2      | Killed a scorpion
  1108 | D:2      | Reached XP level 3. HP: 21/34 MP: 2/2
  1108 | D:2      | Reached XP level 4. HP: 25/41 MP: 3/3
  1682 | D:3      | Found Geptocick's Armour Emporium.
  1782 | D:3      | Reached skill level 4 in Long Blades
  1911 | D:3      | Found Siety's Antique Armour Emporium.
  2003 | D:3      | Reached XP level 5. HP: 32/47 MP: 4/4
  2072 | D:3      | Found a shimmering altar of Xom.
  2080 | D:3      | Became a worshipper of Xom of Chaos
  2105 | D:3      | Found Iprir's Antique Armour Shop.
  2176 | D:3      | XOM: silly message
  2200 | D:3      | Reached skill level 5 in Long Blades
  2371 | D:3      | XOM: silly message
  2384 | D:3      | Noticed a +0 spear
  2385 | D:3      | Noticed a +0 dagger
  2385 | D:3      | Noticed a +0 dagger
  2385 | D:3      | Noticed a +0 short sword
  2385 | D:3      | Noticed a +0 falchion
  2386 | D:3      | Noticed a +0 short sword
  2387 | D:3      | Noticed a +0 spear
  2389 | D:3      | Noticed a +0 falchion
  2396 | D:3      | Found a hide-covered altar of Uskayaw.
  2417 | D:3      | XOM: silly message
  2806 | D:4      | Found Feschema's Book Emporium.
  2813 | D:4      | Noticed a phantom
  2824 | D:4      | Killed a phantom
  2825 | D:4      | Reached skill level 5 in Fighting
  2825 | D:4      | Reached skill level 6 in Long Blades
  2825 | D:4      | Reached XP level 6. HP: 56/56 MP: 5/5
  2825 | D:4      | XOM: silly message
  2832 | D:4      | XOM: cast spell 'Summon Mana Viper'
  2856 | D:4      | Noticed Natasha
  2862 | D:4      | XOM: enchant monster (bad)
  2867 | D:4      | Killed Natasha
  2875 | D:4      | Noticed Natasha
  2893 | D:4      | Killed Natasha
  2894 | D:4      | Reached skill level 5 in Armour
  2964 | D:4      | Noticed Dowan
  2964 | D:4      | XOM: silly message
  2964 | D:4      | Noticed Duvessa
  2982 | D:4      | Killed Duvessa
  2983 | D:4      | Reached skill level 7 in Long Blades
  2983 | D:4      | Killed Dowan
  2984 | D:4      | Reached XP level 7. HP: 40/61 MP: 6/6
  3112 | D:4      | Noticed Natasha
  3117 | D:4      | Killed Natasha
  3162 | D:4      | Noticed Eustachio
  3167 | D:4      | XOM: cast spell 'Olgreb's Toxic Radiance'
  3172 | D:4      | XOM: potion effect (haste)
  3173 | D:4      | XOM: enchant monster (bad)
  3177 | D:4      | Killed Eustachio
  3181 | D:4      | Reached skill level 8 in Long Blades
  3512 | D:5      | Entered Level 5 of the Dungeon
  3564 | D:5      | XOM: smoke on damage
  3631 | D:5      | XOM: stat loss: -1 Int (4/5)
  3772 | D:5      | Found a snail-covered altar of Cheibriados.
  3779 | D:5      | XOM: give mutations
  3779 | D:5      | Gained mutation: You have hidden genetic potential. [Xom's
                  | mischief]
  3779 | D:5      | Gained mutation: You occasionally lose the ability to read
                  | scrolls when taking damage. [Xom's mischief]
  3779 | D:5      | Gained mutation: You are dopey. (Int -2) [Xom's mischief]
  3779 | D:5      | Gained mutation: You have great hidden genetic potential.
                  | [Xom's mischief]
  4116 | D:5      | Found a basalt altar of Yredelemnul.
  4124 | D:5      | Fell from the grace of Xom
  4124 | D:5      | Became a worshipper of Yredelemnul the Dark
  4198 | D:5      | Found a large runed translucent door.
  4199 | D:5      | Found a large runed translucent door.
  4287 | D:5      | Reached * piety under Yredelemnul
  4353 | D:5      | XOM: summons 1 hostile shadow creature
  4370 | D:5      | Reached XP level 8. HP: 70/70 MP: 7/7
  4622 | D:5      | Found a glowing golden altar of the Shining One.
  4632 | D:5      | Found an ornate altar of the Wu Jian Council.
  4641 | D:5      | Reached ** piety under Yredelemnul
  4713 | D:6      | Reached skill level 9 in Long Blades
  4713 | D:6      | Reached skill level 1 in Invocations
  4741 | D:5      | Gained mutation: You are agile. (Dex +4, Str/Int -1)
                  | [hidden potential]
  5073 | D:6      | Found a glowing drain.
  5077 | Sewer    | Entered a sewer
  5192 | Sewer    | Noticed Pargi
  5201 | Sewer    | Killed Pargi
  5359 | D:6      | Found a bloodstained altar of Trog.
  5415 | D:6      | Reached skill level 10 in Long Blades
  5430 | D:6      | XOM: summons 2 hostile demons
  5588 | D:6      | XOM: give mutations
  5588 | D:6      | Gained mutation: You are very agile. (Dex +8, Str/Int -2)
                  | [Xom's mischief]
  5588 | D:6      | Lost mutation: You are very agile. (Dex +8, Str/Int -2)
                  | [Xom's mischief]
  5644 | D:6      | XOM: give mutations
  5644 | D:6      | Gained mutation: You are very agile. (Dex +8, Str/Int -2)
                  | [Xom's mischief]
  5644 | D:6      | Gained mutation: You have a somewhat thin skeletal
                  | structure. (Dex +2, Stealth+) [Xom's mischief]
  5644 | D:6      | Gained mutation: You expend magic power (3 MP) to
                  | strengthen your wands. [Xom's mischief]
  5740 | D:6      | Reached skill level 1 in Dodging
  5740 | D:6      | Reached XP level 9. HP: 75/75 MP: 9/9
  5945 | D:6      | Noticed Menkaure
  5956 | D:6      | Killed Menkaure
  6100 | D:7      | Gained mutation: Your flesh is heat resistant. (rF+)
                  | [hidden potential]
  6100 | D:7      | Lost mutation: You have great hidden genetic potential.
                  | [hidden potential expressed]
  6183 | D:7      | Found a staircase to the Ecumenical Temple.
  6183 | D:7      | XOM: 1-stop teleportation journey
  6391 | D:7      | XOM: summons 2 hostile shadow creatures
  6450 | D:7      | XOM: god gift: 551 gold pieces
  6675 | D:7      | Found a runed translucent door.
  6676 | D:7      | Found a shimmering altar of Xom.
  6676 | D:7      | Noticed particleface's ghost (novice MiFi)
  6676 | D:7      | Noticed a +2 falchion of chaos
  6727 | D:7      | XOM: noise
  6835 | D:8      | Reached skill level 11 in Long Blades
  6859 | D:8      | XOM: swap monsters
  6904 | D:8      | Found a flagged portal.
  6939 | Bailey   | Entered a bailey
  6983 | Bailey   | Reached skill level 10 in Armour
  6985 | Bailey   | Identified the quicksilver dragon scales of Tomorrow {Fly
                  | rC- Will+ Regen+ Str+3}
  6995 | Bailey   | Noticed a two-headed ogre
  7003 | Bailey   | Reached XP level 10. HP: 13/86 MP: 12/12
  7003 | Bailey   | HP: 1/129 [ogre/+0 halberd (10)]
  7004 | Bailey   | Succumbed to a spriggan's poison

Illustrated notes

Levels and vault maps discovered:
D:1:      dpeg_arrival_signposts, layout_basic, corexii_leaking_fountain
D:2:      kennysheep_big_flooded_room, layout_basic
D:3:      wad_river_or_something, layout_loops_ring,
          lemuel_coloured_pillars_altar, nicolae_uskayaw_en_pointe,
          serial_shops, shop, nicolae_shop_crystal,
          nicolae_shop_tiny_waterfront, minmay_misc_feat_roman
D:4:      layout_cave_pools, nicolae_stop_n_shop_1, uniq_eustachio,
          uniq_duvessa, uniq_natasha
D:5:      layout_loops_cross, yredelemnul_altar_generic,
          nicolae_overflow_crystal_walls, jmf_multi_god_temple2
D:6:      layout_loops_ring, mainiacjoe_overflow_paths, gup_sewer_entry_spiral,
          uniq_menkaure
D:7:      layout_loops_ring, minmay_temple_entry_sparse_star, ebering_ghost_xom,
          serial_glass, glass_columns_b, glass_columns_a, glass_columns_a,
          glass_columns_a, minmay_fountain_box, grunt_ministairs_11
D:8:      layout_basic, enter_bailey_8
Bailey:   bailey_polearm_enchanted_keep_hellmonk, bailey

Skill      XL: |  1  2  3  4  5  6  7  8  9 |
---------------+----------------------------+-----
Armour         | 4 5 7 8 10 | 10.2
Fighting       | 4 5 6 7 |  7.2
Long Blades    | 3 4 6 7 8 10 11 | 11.6
Invocations    | 2 4 |  4.2
Dodging        | 1 2 |  2.3
Shields        | |  3.6

Action                     |  1- 3 |  4- 6 |  7- 9 | 10-12 || total
---------------------------+-------+-------+-------+-------++-------
  Melee: Long sword        |    52 |   189 |   357 |     2 ||   600
         Headbutt          |     6 |    17 |    78 |       ||   101
 Invoke: Recall Undead Har |       |       |     1 |       ||     1
         Dark Bargain      |       |       |     1 |       ||     1
  Evoke: Wand              |       |       |     3 |       ||     3
    Use: Potion            |     1 |     1 |     2 |       ||     4
         Scroll            |       |    10 |     8 |       ||    18
   Stab: Sleeping          |       |       |     9 |       ||     9
         Distracted        |       |       |     2 |       ||     2
 Armour: Scale mail        |     9 |       |       |       ||     9
         Plate armour      |    40 |   151 |    58 |       ||   249
         Shadow dragon sca |       |       |   117 |       ||   117
  Dodge: Dodged            |    19 |    39 |   123 |     1 ||   182
  Block: Kite shield       |    25 |    84 |   139 |       ||   248
         Buckler           |     1 |       |       |       ||     1
